 Dungeon Crawl Stone Soup version 0.25-a0-1133-g93ebf739aa (webtiles) character file.

Game seed: 6470756555012018094, levelgen mode: classic

8 Amnesiac the Vexing (level 2, 0/16 HPs)
             Began as a Deep Elf Arcane Marksman on May 21, 2020.
             Slain by a quokka skeleton (1 damage)
             ... on level 2 of the Dungeon.
             The game lasted 00:01:06 (218 turns).

Amnesiac the Vexing (Deep Elf Arcane Marksman)       Turns: 218, Time: 00:01:07

Health: 0/16       AC:  2    Str:  7    XL:     2   Next: 0%
Magic:  4/6        EV: 13    Int: 17    God:
Gold:   33         SH:  0    Dex: 15    Spells: 3/4 levels left

rFire    . . .     SeeInvis .   a - +0 shortbow
rCold    . . .     Gourm    .   (shield currently unavailable)
rNeg     . . .     Faith    .   e - +0 robe
rPois    .         Spirit   .   (no helmet)
rElec    .         Reflect  .   (no cloak)
rCorr    .         Harm     .   (no gloves)
MR       .....                  (no boots)
Stlth    +.........             (no amulet)
HPRegen  0.05/turn              (no ring)
MPRegen  0.10/turn              (no ring)

@: no status effects
A: no striking features
a: no special abilities


You were on level 2 of the Dungeon.
You were not hungry.

You visited 1 branch of the dungeon, and saw 2 of its levels.

You collected 33 gold pieces.

Inventory:

Hand Weapons
 a - a +0 shortbow (weapon)
Missiles
 d - 7 arrows (quivered)
Armour
 e - a +0 robe (worn)
Comestibles
 b - 3 chunks of flesh
 f - a ration


   Skills:
 - Level 1.0 Fighting
 * Level 2.9 Bows
 - Level 2.4 Dodging
 - Level 1.5 Spellcasting
 - Level 4.0 Hexes


You had 3 spell levels left.
You knew the following spells:

 Your Spells              Type           Power        Failure   Level  Hunger
a - Corona                Hex            ##.....      4%          1    ##.....

Your spell library contained the following spells:

 Spells                   Type           Power        Failure   Level  Hunger
 Slow                     Hex            ##......     6%          2    ###....
 Inner Flame              Hex/Fire       #.......     26%         3    ####...
 Portal Projectile        Hex/Tloc       #.....       26%         3    ####...
 Cause Fear               Hex            ##........   36%         4    #####..
 Leda's Liquefaction      Hex/Erth       #.........   65%         4    #####..


Dungeon Overview and Level Annotations

Branches:
Dungeon (2/15)

Altars:


Message History

* * * LOW HITPOINT WARNING * * *
Firing (i - inventory)
d - 14 arrows (quivered)
Press: ? - help, Shift-Dir - straight line, f/p - gnoll
Aim: a gnoll, wielding a +0 halberd (heavily wounded, softly glowing)
You shoot an arrow.
The arrow hits the gnoll but does no damage.
The gnoll is heavily wounded.
The gnoll barely misses you.
The gnoll stops glowing.
The gnoll closely misses you.
You see here a +0 club.
There is a stone staircase leading down here.
You climb downwards.
A bat and a giant cockroach come into view.
Found a scroll labeled IBUGINAIRO and 24 gold pieces.
There is a stone staircase leading up here.
Found a robe.
A frilled lizard comes into view.
Found a stone staircase leading down.
A dart slug comes into view.
Casting: Corona (safe; 4% risk of failure)
Confirm with . or Enter, or press ? or * to list all spells.
Aiming: Corona (safe; 4% risk of failure)
Press: ? - help, Shift-Dir - straight line, f - frilled lizard
Aim: a frilled lizard (chance to defeat MR: 68%)
The frilled lizard is outlined in light.
Firing (i - inventory)
d - 13 arrows (quivered)
Press: ? - help, Shift-Dir - straight line, f/p - frilled lizard
Aim: a frilled lizard (softly glowing)
You shoot an arrow.
The arrow barely misses the frilled lizard.
A quokka skeleton comes into view.
Firing (i - inventory)
d - 12 arrows (quivered)
Press: ? - help, Shift-Dir - straight line, f/p - frilled lizard
Aim: a frilled lizard (softly glowing)
You shoot an arrow.
The arrow closely misses the frilled lizard.
Firing (i - inventory)
d - 11 arrows (quivered)
Press: ? - help, Shift-Dir - straight line, f/p - frilled lizard
Aim: a frilled lizard (softly glowing)
You shoot an arrow.
The arrow barely misses the frilled lizard.
The frilled lizard barely misses you.
Firing (i - inventory)
d - 10 arrows (quivered)
Press: ? - help, Shift-Dir - straight line, f/p - frilled lizard
Aim: a frilled lizard (softly glowing)
You shoot an arrow.
The arrow closely misses the frilled lizard.
The frilled lizard closely misses you.
Firing (i - inventory)
d - 9 arrows (quivered)
Press: ? - help, Shift-Dir - straight line, f/p - frilled lizard
Aim: a frilled lizard (softly glowing)
You shoot an arrow.
The arrow closely misses the frilled lizard.
The frilled lizard bites you.
* * * LOW HITPOINT WARNING * * *
Firing (i - inventory)
d - 8 arrows (quivered)
Press: ? - help, Shift-Dir - straight line, f/p - frilled lizard
Aim: a frilled lizard (softly glowing)
You shoot an arrow. The arrow hits the frilled lizard.
You kill the frilled lizard!
You have reached level 2!
The quokka skeleton bites you.
You die...

......... .#.##..
......#.##.......
.......s.#.......
.........#.......
?......<.......l.
................. #
................. ..#
..........#######....#
...$.....#(((@.......#
#.#......#..Z.....####
............$...>.....
........#...........w
.[............#......
.....#.#####.#......
.##.... ..##..... #..#
... .....


You could see a quokka skeleton.

Vanquished Creatures
  2 goblins (D:1)
  2 hobgoblins (D:1)
  2 frilled lizards
  2 rats (D:1)
8 creatures vanquished.

Notes
Turn   | Place    | Note
-------+----------+-------------------------------------------
     0 | D:1      | Amnesiac the Deep Elf Arcane Marksman began the quest for
                  | the Orb.
     0 | D:1      | Reached XP level 1. HP: 11/11 MP: 5/5
    73 | D:1      | Reached skill level 1 in Fighting
   218 | D:2      | Reached XP level 2. HP: 1/16 MP: 4/6
   218 | D:2      | Slain by a quokka skeleton

Illustrated notes

Levels and vault maps discovered:
D:1:      kennysheep_arrival_forest, layout_rooms, serial_corexii_hall,
          chequers_hall_statues_y, corexii_hall_statues_x,
          ebering_dispersal_statue_hall, kennysheep_pointless_box,
          minmay_hedge_maze, moated_statue, minmay_misc_feat_diagonals
D:2:      layout_basic, nicolae_overflow_hidden_temple

Skill      XL: |  1 |
---------------+----+-----
Fighting       | 1 |  1.0
Bows           | |  2.9
Dodging        | |  2.4
Spellcasting   | |  1.5
Hexes          | |  4.0

Action                   || total
-------------------------++-------
 Fire: Shortbow          ||    23
 Cast: Corona            ||     8
Dodge: Dodged            ||     5

Table legend:
 A = Non-vault XP
 B = Vault XP
 C = Vault XP percentage of total XP
 D = Non-vault monster count
 E = Vault monster count
 F = Vault count percentage of total count
                 A         B        C        D         E       F
            +---------+---------+-------+---------+---------+-------
      Total |      12 |       0 |   0.0 |       8 |       0 |   0.0
            +---------+---------+-------+---------+---------+-------
        D:1 |      11 |       0 |   0.0 |       7 |       0 |   0.0
        D:2 |       1 |       0 |   0.0 |       1 |       0 |   0.0
            +---------+---------+-------+---------+---------+-------
